Description

Push al minuto 6:00

Replay - Jim v TYTY: Game 2 - 回聲 - 天梯版(虛空之遺)

Build Order

Get SALT Encoding   

  12  0:00  SCV  
  13  0:12  SCV  
  14  0:17  Supply Depot  
  14  0:24  SCV  
  15  0:39  SCV  
  16  0:51  SCV  
  17  0:58  Command Center  
  17  1:03  SCV  
  18  1:12  Barracks  
  18  1:15  SCV  
  19  1:26  Barracks  
  19  1:30  SCV  
  20  1:42  Barracks  
  20  1:43  SCV  
  21  1:59  Orbital Command, Marine  
  22  2:10  Orbital Command  
  22  2:13  Marine x2  
  24  2:24  Refinery x2  
  24  2:25  SCV  
  25  2:30  Marine x3  
  30  2:48  Supply Depot  
  30  2:51  Marine x2  
  32  2:54  Barracks Tech Lab  
  36  3:06  Engineering Bay  
  36  3:10  Marine x2  
  38  3:14  Stimpack  
  41  3:22  Supply Depot  
  41  3:29  Barracks Reactor x2  
  41  3:34  Missile Turret  
  45  3:52  Factory  
  47  3:59  Supply Depot  
  47  4:03  Refinery  
  47  4:07  Terran Infantry Weapons Level 1  
  54  4:22  Supply Depot  
  59  4:31  Bunker  
  62  4:40  Factory Reactor  
  62  4:41  Starport  
  63  4:51  Marauder  
  70  5:13  Marauder  
  75  5:14  Combat Shields  
  76  5:23  Medivac x2  
  82  5:29  Factory Reactor  
  84  5:37  Marauder  
  86  5:55  Medivac x2  
  90  5:59  Command Center  
  90  6:01  Refinery  
  95  6:05  Widow Mine x2  
  96  6:29  Medivac  
  101  6:33  Marauder  
  102  6:45  Liberator  
  101  7:09  Barracks x2  
  101  7:12  Marauder, Liberator  
  101  7:13  Orbital Command  
  107  7:16  Missile Turret  
  109  7:27  Terran Infantry Armor Level 1  
  114  7:38  Missile Turret  
  114  7:40  Starport  
  114  7:42  Liberator  
  121  7:57  Liberator  
  122  8:01  Marauder, Barracks Tech Lab x2  
  122  8:03  Refinery x2  
  130  8:07  Missile Turret  
  134  8:22  Marauder  
  136  8:28  Viking x2  
  143  8:42  Viking  
  151  8:55  Armory  
  151  8:57  Engineering Bay, Viking x3  
  153  9:11  Marauder x2  
  153  9:12  Viking  
  164  9:27  Viking x2  
  168  9:32  Marauder  
  168  9:37  Command Center, Viking  
  175  9:43  Terran Infantry Weapons Level 2, Terran Infantry Armor Level 2  
Spawning Tool Build Advisor. Get it on Overwolf

Go to:

Details

  • Created by: Morwidsc_2
  • Published on: Sep 20, 2017
  • Modified on: Sep 20, 2017
  • Patch: 3.8.0
Show
View Real Time Build Order
Export as new Build Order

Comments (0)

There are no comments. Be the first!

Create an account to comment!